[Event "Titled Tuesday Blitz July 25 Early 2023"]
[White "Papayan, Oleg"]
[Black "rikchessmx"]
[WhiteFideId "4193911"]
[WhiteElo "2466"]
[BlackElo "2258"]
[Result "1-0"]
[Round "3"]
[TimeControl "180+2"]
[Date "2023.07.25"]
[WhiteClock "0:00:21"]
[BlackClock "0:00:20"]
[Board "216"]

1. e4 e5 2. Nf3 Nc6 3. Bb5 a6 4. Bxc6 dxc6 5. O-O f6 6. d4 exd4 7. Nxd4 Bd7 8. Nc3 Qe7 9. Bf4 O-O-O 10. Qe2 g5 11. Bg3 h5 12. h4 Nh6 13. Rad1 Ng4 14. Nf5 Qf7 15. f3 Bc5+ 16. Kh1 Bxf5 17. exf5 Rhe8 18. Rxd8+ Kxd8 19. Qd2+ Kc8 20. Ne4 Ne3 21. Re1 gxh4 22. Bf2 Nc4 23. Qc3 Bxf2 24. Nxf2 Rxe1+ 25. Qxe1 Ne5 26. Ne4 h3 27. gxh3 Nxf3 28. Qe3 Ne5 29. Qa7 Qd5 30. Qe3 Nc4 31. Qf3 Kb8 32. Kg2 Nd2 33. Nxd2 Qxd2+ 34. Kg3 Qg5+ 35. Kf2 h4 36. Qd3 Qf4+ 37. Kg2 Qe5 38. b3 c5 39. c4 Qd4 40. Qe2 Ka7 41. Qe6 Qb2+ 42. Kf3 Qxa2 43. Qxf6 Qxb3+ 44. Kg4 Qxc4+ 45. Kg5 Qd4 46. Qxd4 cxd4 47. Kf4 c5 48. f6 d3 49. Ke3 c4 50. f7 a5 51. f8=Q a4 52. Qb4 1-0


[Site "https://www.chess.com"]

[Event "Titled Tuesday Blitz July 25 Early 2023"]
[White "Chemin, Justo Reinaldo"]
[Black "Molenda, Marcin"]
[WhiteFideId "2101580"]
[BlackFideId "1173065"]
[WhiteElo "2253"]
[BlackElo "2452"]
[Result "1-0"]
[Round "3"]
[TimeControl "180+2"]
[Date "2023.07.25"]
[WhiteClock "0:00:21"]
[BlackClock "0:00:04"]
[Board "217"]

1. e4 c5 2. Nf3 e6 3. b3 Nf6 4. d3 d5 5. Nbd2 dxe4 6. dxe4 Nc6 7. Bb2 Be7 8. Bb5 Bd7 9. O-O O-O 10. Re1 a6 11. Bf1 b5 12. e5 Nd5 13. c4 Nc7 14. Ne4 Bc8 15. Qe2 Nd4 16. Nxd4 cxd4 17. Rad1 Bb7 18. Rxd4 Qe8 19. Red1 Qc6 20. Nd6 Rad8 21. h4 Bxd6 22. exd6 Ne8 23. cxb5 axb5 24. Qg4 e5 25. R4d2 f6 26. d7 Nc7 27. h5 Rf7 28. h6 g6 29. f4 e4 30. Rd6 Qc5+ 31. Kh1 Nd5 32. R1xd5 Bxd5 33. Rxf6 Rxf6 34. Bxf6 Qf8 35. Bxd8 Qxd8 36. f5 Qf6 37. fxg6 Qxf1+ 38. Kh2 Qf6 39. gxh7+ Kxh7 40. Qg7+ Qxg7 41. hxg7 Kxg7 1-0


[Site "https://www.chess.com"]

[Event "Titled Tuesday Blitz July 25 Early 2023"]
[White "Kohler, Aran"]
[Black "Szyszylo, Rafal"]
[WhiteFideId "1002856"]
[BlackFideId "1109626"]
[WhiteElo "2249"]
[BlackElo "2448"]
[Result "1/2-1/2"]
[Round "3"]
[TimeControl "180+2"]
[Date "2023.07.25"]
[WhiteClock "0:00:28"]
[BlackClock "0:00:14"]
[Board "218"]

1. d4 g6 2. c3 d6 3. Bg5 Bg7 4. Nd2 Nf6 5. e3 O-O 6. Bd3 Nbd7 7. Ngf3 e5 8. dxe5 dxe5 9. Ne4 h6 10. Nxf6+ Nxf6 11. Bxf6 Qxf6 12. e4 Be6 13. O-O Rfd8 14. Qc2 Bg4 15. Be2 Rd6 16. Rad1 Rad8 17. Rxd6 Rxd6 18. Rd1 Qd8 19. h3 Be6 20. Rxd6 Qxd6 21. b3 Bf8 22. Nd2 Qc5 23. Bc4 Bd7 24. b4 Qd6 25. a3 Kg7 26. Bd5 c6 27. Bb3 Be7 28. Nc4 Qc7 29. Ne3 Bg5 30. Qd3 b5 31. g3 h5 32. h4 Be7 33. c4 a6 34. c5 Bh3 35. Kh2 Bc8 36. Qc3 Bf6 37. Qd3 Qd7 38. Qxd7 Bxd7 39. f3 Be7 40. Kg2 Bd8 41. f4 Bc7 42. Kf3 Bh3 43. f5 Kf6 44. fxg6 fxg6 45. g4 hxg4+ 46. Nxg4+ Bxg4+ 47. Kxg4 a5 48. h5 gxh5+ 49. Kxh5 Bd8 50. Kh6 axb4 51. axb4 Be7 52. Kh7 Kg5 53. Be6 Kf4 54. Bd7 Kxe4 55. Bxc6+ Kd4 56. Bxb5 e4 57. Be2 Bxc5 58. bxc5 Kxc5 59. Kg6 Kd4 60. Kf5 Ke3 61. Ke5 Kxe2 62. Kxe4 1/2-1/2


[Site "https://www.chess.com"]

[Event "Titled Tuesday Blitz July 25 Early 2023"]
[White "Mesfin, Leykun"]
[Black "Avazkhonov, Alikhon"]
[WhiteFideId "15700097"]
[BlackFideId "14208504"]
[WhiteElo "2247"]
[BlackElo "2443"]
[Result "0-1"]
[Round "3"]
[TimeControl "180+2"]
[Date "2023.07.25"]
[WhiteClock "0:02:04"]
[BlackClock "0:01:51"]
[Board "219"]

1. e4 c5 2. Nf3 d6 3. d4 cxd4 4. Nxd4 Nf6 5. Nc3 a6 6. Be3 e5 7. Nb3 Be6 8. f3 h5 9. Qd2 Nbd7 10. O-O-O Rc8 11. Kb1 b5 12. h3 h4 13. Nd5 Bxd5 14. exd5 Nb6 15. Bxb6 Qxb6 16. Bd3 g6 17. f4 Bh6 18. Rhf1 O-O 19. Qf2 Bxf4 20. Qxh4 Nxd5 21. Bxg6 fxg6 22. Rxd5 Qc6 23. Rdd1 Qxc2+ 24. Ka1 Rc6 25. Qg4 Qf5 26. Qe2 Rc2 27. Qe1 Rxg2 28. Qa5 Qc2 29. Qa3 b4 30. Nd4 exd4 31. Qb3+ Qxb3 32. axb3 Be5 33. Rg1 Rff2 34. Rxg2 Rxg2 35. Ka2 d3 36. Rxd3 Rxb2+ 37. Ka1 Rxb3+ 0-1


[Site "https://www.chess.com"]

[Event "Titled Tuesday Blitz July 25 Early 2023"]
[White "Navalgund, Niranjan"]
[Black "Nugumanov, Bakhtiyar"]
[WhiteFideId "5030854"]
[BlackFideId "13701797"]
[WhiteElo "2440"]
[BlackElo "2244"]
[Result "1-0"]
[Round "3"]
[TimeControl "180+2"]
[Date "2023.07.25"]
[WhiteClock "0:02:07"]
[BlackClock "0:00:06"]
[Board "220"]

1. e4 e6 2. Qe2 d5 3. exd5 Qxd5 4. Nc3 Qd8 5. Nf3 Be7 6. g3 Nf6 7. Bg2 c5 8. Ne4 O-O 9. O-O Nc6 10. c3 b6 11. Nxf6+ Bxf6 12. Ne5 Nxe5 13. Bxa8 c4 14. Bg2 Nd3 15. b3 b5 16. a4 a6 17. axb5 axb5 18. bxc4 bxc4 19. Ba3 Re8 20. Rab1 e5 21. Rb8 g6 22. Bc6 Qc7 23. Bxe8 Qxb8 24. Qf3 Bf5 25. Bc6 Qa7 26. Bd6 Qb6 27. Qg2 e4 28. Bxe4 Qxd6 29. Bxf5 gxf5 30. Qf3 Qc5 31. Rb1 Kg7 32. h4 Ne5 33. Qf4 Ng6 34. Qf3 Ne5 35. Qxf5 Qd6 36. Rb7 Qxd2 37. h5 Qd1+ 38. Kh2 Qd5 39. h6+ Kf8 40. Qc8+ Bd8 41. Rb8 Nf3+ 42. Kh3 Ng5+ 43. Kh2 Nf3+ 44. Kg2 Ng5+ 45. Kg1 Nh3+ 46. Kh2 Ke8 47. Qxd8+ Qxd8 48. Rxd8+ Kxd8 49. Kxh3 Ke7 50. Kg4 Kd6 51. Kf5 Kd5 52. f3 Kc5 53. Ke5 Kb5 54. Kd5 f6 55. g4 1-0


[Site "https://www.chess.com"]

[Event "Titled Tuesday Blitz July 25 Early 2023"]
[White "Vemparala, Nikash"]
[Black "Ai, Evan"]
[WhiteFideId "30960967"]
[BlackFideId "2094770"]
[WhiteElo "2240"]
[BlackElo "2438"]
[Result "0-1"]
[Round "3"]
[TimeControl "180+2"]
[Date "2023.07.25"]
[WhiteClock "0:00:44"]
[BlackClock "0:01:11"]
[Board "221"]

1. e4 c5 2. Nf3 d6 3. d4 cxd4 4. Nxd4 Nf6 5. Nc3 a6 6. f3 e5 7. Nb3 Be6 8. Be3 Be7 9. Qd2 O-O 10. O-O-O Nbd7 11. Nd5 Nxd5 12. exd5 Bf5 13. g4 Bg6 14. h4 Bxh4 15. Bd3 f5 16. gxf5 Bxf5 17. Qh2 Bg5 18. f4 Bh6 19. Rdg1 Kh8 20. Bxf5 Rxf5 21. Rxg7 Rf6 22. Rxh7+ Kxh7 23. fxe5 Nxe5 24. Bxh6 Ng4 25. Qh3 Nxh6 26. Qd3+ Rg6 27. Nd4 Qg5+ 28. Kb1 Qxd5 29. b3 Qxh1+ 0-1


[Site "https://www.chess.com"]

[Event "Titled Tuesday Blitz July 25 Early 2023"]
[White "Fernandez Hernandez, Gerardo"]
[Black "Novikov, Evgenij"]
[WhiteFideId "2207400"]
[BlackFideId "4125380"]
[WhiteElo "2238"]
[BlackElo "2438"]
[Result "0-1"]
[Round "3"]
[TimeControl "180+2"]
[Date "2023.07.25"]
[WhiteClock "0:00:02"]
[BlackClock "0:00:15"]
[Board "222"]

1. e4 c5 2. Nc3 Nc6 3. f4 d6 4. Nf3 Bg4 5. Bb5 e6 6. Bxc6+ bxc6 7. O-O Ne7 8. d3 Qb6 9. Kh1 Ng6 10. b3 Be7 11. Be3 Bf6 12. Na4 Qc7 13. Rb1 Bd4 14. Qe2 Nh4 15. Bxd4 cxd4 16. Qf2 Nxf3 17. gxf3 Bh5 18. Qxd4 f6 19. Nb2 c5 20. Qe3 O-O 21. Rg1 f5 22. Rg3 Kh8 23. Rbg1 Rg8 24. Rg5 g6 25. d4 cxd4 26. Qxd4+ e5 27. fxe5 dxe5 28. Qc4 Bxf3+ 29. R1g2 Rac8 30. exf5 Qxc4 31. Nxc4 gxf5 32. Rxg8+ Rxg8 33. Nxe5 Bxg2+ 34. Kg1 Be4+ 35. Kf2 Bxc2 36. b4 Be4 37. Ke3 Rg2 38. h4 Rxa2 0-1


[Site "https://www.chess.com"]

[Event "Titled Tuesday Blitz July 25 Early 2023"]
[White "Reprintsev, Alexander"]
[Black "KSho99"]
[WhiteFideId "14100541"]
[WhiteElo "2436"]
[BlackElo "2216"]
[Result "1-0"]
[Round "3"]
[TimeControl "180+2"]
[Date "2023.07.25"]
[WhiteClock "0:01:16"]
[BlackClock "0:01:13"]
[Board "223"]

1. e4 e6 2. d4 d5 3. Nc3 Be7 4. g3 Nf6 5. Bg2 dxe4 6. Nxe4 Nxe4 7. Bxe4 Nd7 8. Bg2 c5 9. Ne2 O-O 10. O-O Nf6 11. c3 Qb6 12. Qb3 Qa6 13. Re1 Rd8 14. Bg5 Rb8 15. Bxf6 Bxf6 16. dxc5 b6 17. c6 Be5 18. Nd4 Bc7 19. Nb5 1-0


[Site "https://www.chess.com"]

[Event "Titled Tuesday Blitz July 25 Early 2023"]
[White "Kuchava, Ana"]
[Black "Garagulya, Konstantin"]
[WhiteFideId "13605348"]
[BlackFideId "4128931"]
[WhiteElo "2214"]
[BlackElo "2433"]
[Result "0-1"]
[Round "3"]
[TimeControl "180+2"]
[Date "2023.07.25"]
[WhiteClock "0:00:05"]
[BlackClock "0:00:31"]
[Board "224"]

1. d4 d5 2. Nf3 Nf6 3. c4 dxc4 4. e3 e6 5. Bxc4 a6 6. a4 c5 7. O-O Nc6 8. Nc3 cxd4 9. exd4 Nb4 10. Bg5 Be7 11. Qe2 O-O 12. Rad1 b6 13. Ne5 Bb7 14. Nxf7 Rxf7 15. Qxe6 Nfd5 16. Bxe7 Qxe7 17. Rfe1 Qxe6 18. Rxe6 Rd8 19. Rde1 Kf8 20. Nxd5 Bxd5 21. Rxb6 Bxc4 22. Rxb4 Bd3 23. b3 Rfd7 24. Rd1 Bc2 25. Rd2 Be4 26. f3 Bd5 27. Kf2 Rc7 28. Rb6 Rc6 29. Rb4 Rc3 30. a5 Rxb3 31. Rb6 Rxb6 32. axb6 Rb8 33. Rb2 Bc4 34. Ke3 Bb5 35. Rc2 Rxb6 36. Rc7 Rc6 37. Ke4 Rxc7 0-1


[Site "https://www.chess.com"]

[Event "Titled Tuesday Blitz July 25 Early 2023"]
[White "Sariego Figueredo, Wilfredo"]
[Black "Semenenko, Dmytry"]
[WhiteFideId "3500080"]
[BlackFideId "14118645"]
[WhiteElo "2205"]
[BlackElo "2433"]
[Result "0-1"]
[Round "3"]
[TimeControl "180+2"]
[Date "2023.07.25"]
[WhiteClock "0:01:41"]
[BlackClock "0:01:05"]
[Board "225"]

1. d4 d5 2. Bf4 Nf6 3. e3 c5 4. c3 Nc6 5. Nd2 e6 6. Bd3 Bd6 7. Bg3 O-O 8. Ngf3 b6 9. Ne5 Qc7 10. f4 cxd4 11. exd4 Nd7 12. O-O f6 13. Qh5 f5 14. Ndf3 Nf6 15. Qh3 Ne4 16. Bxe4 dxe4 17. Ng5 h6 18. Qh5 Bxe5 19. dxe5 hxg5 20. fxg5 g6 21. Qxg6+ Qg7 22. Qh5 Nxe5 23. Bxe5 Qxe5 24. g6 Qg7 25. g4 Ba6 26. Rf4 Rf6 27. gxf5 exf5 28. Rxf5 Rxg6+ 29. Kh1 Bb7 30. Rd5 e3 31. Qf3 Rf8 32. Qe4 Bxd5 33. Qxd5+ Qf7 34. Qd3 Qf3# 0-1


[Site "https://www.chess.com"]

[Event "Titled Tuesday Blitz July 25 Early 2023"]
[White "Tqebuchava, Zurab"]
[Black "Al Mukhaini, Shima"]
[WhiteFideId "13601113"]
[BlackFideId "22005854"]
[WhiteElo "2199"]
[BlackElo "2414"]
[Result "1-0"]
[Round "3"]
[TimeControl "180+2"]
[Date "2023.07.25"]
[WhiteClock "0:00:06"]
[BlackClock "0:00:10"]
[Board "226"]

1. e4 d5 2. exd5 Nf6 3. Bc4 Nxd5 4. Nc3 c6 5. Nf3 Bg4 6. h3 Bh5 7. O-O e6 8. Be2 Nf4 9. d3 Nxe2+ 10. Qxe2 Nd7 11. Qe3 Bc5 12. d4 Bb6 13. Na4 Bc7 14. Ne5 O-O 15. Re1 Nxe5 16. dxe5 Bg6 17. c3 Qh4 18. Nc5 Bb6 19. b4 a5 20. Qf4 Qxf4 21. Bxf4 axb4 22. cxb4 Bxc5 23. bxc5 Bd3 24. Re3 Bb5 25. a3 Ra4 26. Bg3 Rc4 27. Rd3 Rxc5 28. Rd7 Ba6 29. Rad1 Rd5 30. Kh2 Rxd1 31. Rxd1 Ra8 32. Rd7 h6 33. h4 h5 34. Bf4 b6 35. Be3 c5 36. Rd6 Rb8 37. a4 Bc4 38. a5 bxa5 39. Bxc5 a4 40. Rd7 Ra8 41. Ra7 Rxa7 42. Bxa7 a3 43. Bd4 a2 44. Kg3 Bd5 45. f3 Kh7 46. Kf4 Kg6 47. g4 Bc4 48. Bc3 Be2 49. Bd4 Kh7 50. Bc3 Kg8 51. Kg5 Bxf3 52. Kxh5 Kf8 53. Kg5 Ke8 54. h5 Kd7 55. Kf4 Bd1 56. Ba1 Kc6 57. Kg5 Kd5 58. Kf4 Kc4 59. Kg5 Kd3 60. Kh4 Kd2 61. g5 Bc2 62. h6 gxh6 63. gxh6 Kc1 64. Kg5 Kb1 65. Bd4 a1=Q 66. Bxa1 Kxa1 67. Kf6 Kb2 68. Kxf7 Kc3 69. Kxe6 Kd4 70. Kf6 Kd5 71. e6 Kd6 72. e7 Kd7 73. Kf7 Bb3+ 74. Kf8 1-0


[Site "https://www.chess.com"]

[Event "Titled Tuesday Blitz July 25 Early 2023"]
[White "Pandey Srishti"]
[Black "Francisco_Ferrari"]
[WhiteFideId "35093290"]
[WhiteElo "2412"]
[BlackElo "2175"]
[Result "1-0"]
[Round "3"]
[TimeControl "180+2"]
[Date "2023.07.25"]
[WhiteClock "0:00:15"]
[BlackClock "0:00:02"]
[Board "227"]

1. e4 c5 2. Nf3 d6 3. d4 cxd4 4. Nxd4 Nf6 5. Nc3 a6 6. Bg5 e6 7. f4 Be7 8. Qf3 Qc7 9. O-O-O Nbd7 10. g4 b5 11. Kb1 Bb7 12. Bd3 Rc8 13. Rhe1 Nb6 14. Qe2 Nc4 15. Bxf6 Bxf6 16. Ndxb5 axb5 17. Nxb5 Na3+ 18. bxa3 Qb6 19. Qe3 Rc5 20. c4 Bd4 21. Qd2 O-O 22. Qb4 Bf2 23. Re2 Bh4 24. g5 d5 25. exd5 exd5 26. Re5 Rfc8 27. Nd4 Qd6 28. Nf5 Qb8 29. Nxh4 dxc4 30. Rxc5 Rxc5 31. Qxc5 cxd3 32. Qb4 1-0


[Site "https://www.chess.com"]

[Event "Titled Tuesday Blitz July 25 Early 2023"]
[White "Todev, Simeon"]
[Black "Novikova, Margarita"]
[WhiteFideId "2925133"]
[BlackFideId "14109689"]
[WhiteElo "2411"]
[BlackElo "2173"]
[Result "1-0"]
[Round "3"]
[TimeControl "180+2"]
[Date "2023.07.25"]
[WhiteClock "0:01:41"]
[BlackClock "0:00:36"]
[Board "228"]

1. e4 d5 2. exd5 Qxd5 3. Nf3 Nf6 4. c4 Qd6 5. d4 Bg4 6. Nc3 c6 7. Be2 e6 8. O-O Nbd7 9. h3 Bh5 10. Be3 Qc7 11. Qd2 Bd6 12. d5 exd5 13. cxd5 Bxf3 14. Bxf3 Ne5 15. Be2 O-O 16. Rad1 cxd5 17. Nxd5 Nxd5 18. Qxd5 Rfd8 19. Bg5 Be7 20. Qe4 Bxg5 21. f4 Ng6 22. fxg5 Re8 23. Qf3 Ne5 24. Qf5 Qb6+ 25. Kh1 Qxb2 26. Bc4 Nxc4 27. Qxf7+ Kh8 28. Qxc4 Qe5 29. g6 hxg6 30. Rd4 Qe6 31. Rf8+ 1-0


[Site "https://www.chess.com"]

[Event "Titled Tuesday Blitz July 25 Early 2023"]
[White "Vafin, Ayrat"]
[Black "coquitovich"]
[WhiteFideId "4146530"]
[WhiteElo "2410"]
[BlackElo "2165"]
[Result "0-1"]
[Round "3"]
[TimeControl "180+2"]
[Date "2023.07.25"]
[WhiteClock "0:00:01"]
[BlackClock "0:00:54"]
[Board "229"]

1. d4 f5 2. Bf4 g6 3. h3 Bg7 4. e3 d6 5. c4 h6 6. Nc3 Nf6 7. Nf3 O-O 8. Be2 Nc6 9. O-O Ne4 10. Qc2 e5 11. Bh2 exd4 12. Nxe4 fxe4 13. Qxe4 Bf5 14. Qd5+ Kh7 15. Rad1 dxe3 16. fxe3 Qe7 17. Qd2 Rae8 18. Bf4 g5 19. Bg3 Qxe3+ 20. Qxe3 Rxe3 21. Rd2 Rfe8 22. Re1 Bg6 23. Bf2 R3e7 24. h4 g4 25. Nh2 h5 26. g3 Bd3 27. Kf1 Bxe2+ 28. Rdxe2 Rxe2 29. Rxe2 Rxe2 30. Kxe2 Bxb2 31. Nf1 Bd4 32. Ne3 Bxe3 33. Bxe3 Ne5 34. Bxa7 Nxc4 35. Bb8 c6 36. Bc7 Kg6 37. Kd3 d5 38. Bf4 Kf5 39. Kd4 b6 40. Bc7 Ke6 41. Kc3 c5 42. Bf4 b5 43. Kd3 b4 44. Kc2 Kf5 0-1


[Site "https://www.chess.com"]

[Event "Titled Tuesday Blitz July 25 Early 2023"]
[White "Cardenas Carbajal, Nilson"]
[Black "Davidson, Kevin"]
[WhiteFideId "8401128"]
[BlackFideId "2056810"]
[WhiteElo "2151"]
[BlackElo "2407"]
[Result "1-0"]
[Round "3"]
[TimeControl "180+2"]
[Date "2023.07.25"]
[WhiteClock "0:02:10"]
[BlackClock "0:02:10"]
[Board "230"]

1. e4 c5 2. d4 cxd4 3. c3 dxc3 4. Nxc3 Nc6 5. Nf3 e6 6. Bc4 a6 7. O-O b5 8. Bb3 Na5 9. Re1 Nxb3 10. Qxb3 Ne7 11. Bg5 Bb7 12. a4 1-0


[Site "https://www.chess.com"]

[Event "Titled Tuesday Blitz July 25 Early 2023"]
[White "Gracia Alvarez, Gerardo Antonio"]
[Black "Kiseljova, Marya"]
[WhiteFideId "5109124"]
[BlackFideId "4155009"]
[WhiteElo "2406"]
[BlackElo "2135"]
[Result "1-0"]
[Round "3"]
[TimeControl "180+2"]
[Date "2023.07.25"]
[WhiteClock "0:01:12"]
[BlackClock "0:00:44"]
[Board "231"]

1. d4 d5 2. Bf4 Nf6 3. e3 c5 4. c3 Nc6 5. Nf3 e6 6. Nbd2 Nh5 7. Bg5 Qb6 8. Qb3 c4 9. Qc2 h6 10. Bh4 g5 11. Bg3 Nxg3 12. hxg3 Bg7 13. e4 Bd7 14. Be2 Qc7 15. O-O O-O 16. Rfe1 b5 17. Bf1 a5 18. Nh2 b4 19. Ng4 h5 20. Ne3 Qd6 21. Qd1 g4 22. Bxc4 dxc4 23. Ndxc4 Qc7 24. e5 Ne7 25. Nd6 Nf5 26. Ndxf5 exf5 27. Nd5 Qb7 28. c4 Be6 29. Nf6+ Bxf6 30. exf6 Bxc4 31. Qc1 Kh7 32. Qg5 Rh8 33. Qg7# 1-0


[Site "https://www.chess.com"]

[Event "Titled Tuesday Blitz July 25 Early 2023"]
[White "Jahnz, Fabian"]
[Black "Iljin, Timofey"]
[WhiteFideId "4653300"]
[BlackFideId "14110180"]
[WhiteElo "2131"]
[BlackElo "2403"]
[Result "1-0"]
[Round "3"]
[TimeControl "180+2"]
[Date "2023.07.25"]
[WhiteClock "0:00:30"]
[BlackClock "0:00:11"]
[Board "232"]

1. e4 e5 2. Nf3 Nc6 3. Bc4 Nf6 4. d3 d5 5. exd5 Nxd5 6. O-O Bc5 7. Nc3 Be6 8. Nxd5 Bxd5 9. Bxd5 Qxd5 10. Re1 O-O-O 11. Be3 f6 12. Bxc5 Qxc5 13. a3 Rhe8 14. b4 Qd5 15. Qe2 g5 16. Qe4 Qd7 17. b5 Ne7 18. Qxh7 Qxb5 19. Rab1 Qc6 20. Qe4 Qa6 21. Rb3 Nd5 22. Reb1 b6 23. c4 Nf4 24. Qa8+ Kd7 25. Qe4 Ke6 26. Qc6+ Kf7 27. Qxc7+ Kg6 28. Qc6 Re6 29. Qe4+ f5 30. Qe3 e4 31. Nxg5 Kxg5 32. g3 exd3 33. Qxf4+ Kg6 34. Rb5 Rf6 35. h4 d2 36. Rd1 Qxa3 37. Qg5+ Kf7 38. Rxf5 Qc3 39. Qh5+ Ke6 40. Rxf6+ Kxf6 41. Qg5+ Kf7 42. Qxd8 a5 43. Qxd2 a4 44. Qxc3 a3 45. Qxa3 b5 46. Qb4 1-0


[Site "https://www.chess.com"]

[Event "Titled Tuesday Blitz July 25 Early 2023"]
[White "Yashmetov, Mikhail"]
[Black "Lisjak, Zlatko"]
[WhiteFideId "24198900"]
[BlackFideId "14502186"]
[WhiteElo "2401"]
[BlackElo "2127"]
[Result "1-0"]
[Round "3"]
[TimeControl "180+2"]
[Date "2023.07.25"]
[WhiteClock "0:00:22"]
[BlackClock "0:00:01"]
[Board "233"]

1. d4 d6 2. Nf3 Bg4 3. e4 Nf6 4. Nc3 c6 5. Bd3 e6 6. O-O d5 7. e5 Nfd7 8. h3 Bh5 9. g4 Bg6 10. h4 Bxd3 11. Qxd3 c5 12. Bg5 Be7 13. Qb5 b6 14. dxc5 a6 15. Qa4 b5 16. Nxb5 O-O 17. b4 Bxg5 18. Nxg5 h6 19. Nf3 Nc6 20. Nd6 Ncxe5 21. Nxe5 Nxe5 22. b5 Qxh4 23. Qf4 Nxg4 24. b6 e5 25. Qg3 Qh5 26. c6 Rab8 27. b7 f5 28. c7 f4 29. Qg2 f3 30. Qg3 e4 31. c8=Q Rbxc8 32. bxc8=Q Rxc8 33. Nxc8 1-0


[Site "https://www.chess.com"]

[Event "Titled Tuesday Blitz July 25 Early 2023"]
[White "Phillips, Rene"]
[Black "Donskov, Anatoly"]
[WhiteFideId "2056275"]
[BlackFideId "24143413"]
[WhiteElo "2125"]
[BlackElo "2398"]
[Result "0-1"]
[Round "3"]
[TimeControl "180+2"]
[Date "2023.07.25"]
[WhiteClock "0:00:05"]
[BlackClock "0:00:10"]
[Board "234"]

1. d4 d5 2. Bf4 Nf6 3. e3 e6 4. Nf3 Bd6 5. Bg3 c5 6. c3 Qc7 7. Ne5 Nbd7 8. f4 Ne4 9. Nd2 Nxg3 10. hxg3 Nxe5 11. fxe5 Be7 12. Bd3 h6 13. Qg4 Bf8 14. O-O h5 15. Qg5 Qe7 16. Bb5+ Bd7 17. Bxd7+ Qxd7 18. Qf4 g6 19. Qf6 Rg8 20. dxc5 Bxc5 21. Nb3 Bxe3+ 22. Kh2 Qe7 23. Qf3 Bb6 24. a4 a6 25. a5 Bc7 26. Qf4 g5 27. Qd4 h4 28. g4 Rg7 29. Rf2 f6 30. Kh3 Bxe5 31. Qa4+ Qd7 32. Qa2 Kf7 33. Nc5 Qe7 34. b4 Kg8 35. Re1 Kh8 36. Qe2 Qd6 37. Rd1 Re8 38. Ne4 Qd8 39. Nc5 Rc7 40. Qd3 Qe7 41. Qg6 Qf7 42. Qh6+ Qh7 43. Qh5 Qxh5 44. gxh5 Kg7 45. Re2 Rce7 46. Nd3 Bd6 47. Nf2 f5 48. Nd3 Kf6 49. Rf1 Rc8 50. Rc2 Rec7 51. Rfc1 e5 52. g3 e4 53. Nb2 hxg3 54. Kg2 Bf4 55. Nd1 Bxc1 56. Rxc1 Ke5 57. Ne3 f4 58. Ng4+ Kf5 59. Nh6+ Ke6 60. c4 Rxc4 61. Rd1 Rc2+ 62. Kh3 e3 63. Kg4 e2 64. Re1 d4 65. Nf5 Ke5 66. Ne7 R8c3 67. Ng6+ Ke4 68. Kxg5 d3 69. Rh1 Rc1 70. h6 Rxh1 71. Kf6 Rxh6 72. Kg7 Rxg6+ 73. Kxg6 Rc6+ 74. Kg5 e1=Q 75. Kg4 Qxb4 76. Kh3 g2 77. Kxg2 Rg6+ 78. Kf2 Qd2+ 0-1


[Site "https://www.chess.com"]

[Event "Titled Tuesday Blitz July 25 Early 2023"]
[White "Dahlgren, James Allen"]
[Black "Marn, Jan"]
[WhiteFideId "22256873"]
[BlackFideId "14619245"]
[WhiteElo "2112"]
[BlackElo "2398"]
[Result "0-1"]
[Round "3"]
[TimeControl "180+2"]
[Date "2023.07.25"]
[WhiteClock "0:00:39"]
[BlackClock "0:00:17"]
[Board "235"]

1. d3 e5 2. f4 exf4 3. Bxf4 d5 4. Nd2 Nf6 5. e4 dxe4 6. dxe4 Be7 7. Ngf3 O-O 8. Bd3 Nc6 9. O-O Be6 10. e5 Nd5 11. g3 g5 12. Nxg5 Bxg5 13. Bxh7+ Kg7 14. Qh5 Nxf4 15. gxf4 Qd4+ 16. Rf2 Bxf4 17. Nf3 Qb6 18. Kh1 Qxf2 19. Rg1+ Qxg1+ 20. Kxg1 Rh8 21. Ng5 Bxg5 22. Qxg5+ Kxh7 23. Kf2 Rag8 24. Qf6 Rg6 25. Qf4 Kg7 26. c3 Rh5 27. Ke3 Rxe5+ 28. Kd2 Rg2+ 29. Kd3 Rd5+ 30. Ke3 Re5+ 31. Kd3 Bf5+ 32. Kc4 Re4+ 33. Qxe4 Bxe4 0-1


[Site "https://www.chess.com"]

[Event "Titled Tuesday Blitz July 25 Early 2023"]
[White "Abdi, Farzad"]
[Black "Xie, Bryan"]
[WhiteFideId "2076829"]
[BlackFideId "30941296"]
[WhiteElo "2107"]
[BlackElo "2397"]
[Result "0-1"]
[Round "3"]
[TimeControl "180+2"]
[Date "2023.07.25"]
[WhiteClock "0:00:52"]
[BlackClock "0:00:49"]
[Board "236"]

1. d4 Nf6 2. c4 e6 3. Nf3 b6 4. Nc3 Bb4 5. e3 Bb7 6. Bd3 O-O 7. O-O c5 8. a3 Bxc3 9. bxc3 d6 10. Re1 Nc6 11. e4 e5 12. d5 Na5 13. Bg5 Ba6 14. Qe2 h6 15. Bh4 g5 16. Bg3 Nh5 17. Nd2 Nxg3 18. hxg3 Qd7 19. g4 Qa4 20. g3 Kg7 21. Kg2 Rab8 22. f4 f6 23. Rh1 b5 24. cxb5 Bxb5 25. Bxb5 Rxb5 26. Rh5 Rb2 27. Rah1 Nc4 28. Rxh6 Rxd2 29. Rh7+ Kg8 0-1


[Site "https://www.chess.com"]

[Event "Titled Tuesday Blitz July 25 Early 2023"]
[White "Ramirez Vido, Robert Yorisan"]
[Black "Floresvillar Gonzalez, Luis Migu"]
[WhiteFideId "3513823"]
[BlackFideId "5100542"]
[WhiteElo "2397"]
[BlackElo "2103"]
[Result "1-0"]
[Round "3"]
[TimeControl "180+2"]
[Date "2023.07.25"]
[WhiteClock "0:01:25"]
[BlackClock "0:00:42"]
[Board "237"]

1. Nf3 d5 2. g3 c6 3. Bg2 Bg4 4. O-O h5 5. c4 e6 6. Qa4 Nd7 7. Nc3 Ngf6 8. cxd5 cxd5 9. Ne5 Bd6 10. Nxd7 Qxd7 11. Qxd7+ Kxd7 12. d3 a6 13. h3 Bf5 14. e4 d4 15. Ne2 Bg6 16. Nxd4 Be5 17. Be3 Rac8 18. f4 Bxd4 19. Bxd4 Rc2 20. Rf2 Rhc8 21. Bc3 R8xc3 22. bxc3 Rxc3 23. Rb1 Rxd3 24. Rxb7+ Kc8 25. e5 Rxg3 26. exf6 gxf6 27. Rb3 h4 28. Rxg3 hxg3 29. Rf3 Bb1 30. a3 1-0


[Site "https://www.chess.com"]

[Event "Titled Tuesday Blitz July 25 Early 2023"]
[White "Willy, Stephen"]
[Black "Hartikainen, Jarmo"]
[WhiteFideId "30981468"]
[BlackFideId "503134"]
[WhiteElo "2396"]
[BlackElo "2095"]
[Result "1-0"]
[Round "3"]
[TimeControl "180+2"]
[Date "2023.07.25"]
[WhiteClock "0:01:25"]
[BlackClock "0:00:06"]
[Board "238"]

1. e4 c5 2. Nf3 Nc6 3. d4 cxd4 4. Nxd4 Nf6 5. Nc3 d6 6. Bg5 Bd7 7. Qd2 a6 8. O-O-O e6 9. f4 h6 10. Bh4 g5 11. fxg5 Ng4 12. h3 hxg5 13. Bg3 Nge5 14. Nxc6 Bxc6 15. Be2 Qc7 16. Rhf1 Be7 17. Kb1 O-O-O 18. Qe3 b5 19. a4 Qa5 20. Bxe5 dxe5 21. Rxf7 Rxd1+ 22. Bxd1 Re8 23. Qa7 b4 24. Bg4 Bd7 25. Nd5 Qc5 26. Qa8# 1-0


[Site "https://www.chess.com"]

[Event "Titled Tuesday Blitz July 25 Early 2023"]
[White "Guevara Sanchez, Erick Marvin"]
[Black "Stork, Oliver"]
[WhiteFideId "6700136"]
[BlackFideId "12955728"]
[WhiteElo "2091"]
[BlackElo "2395"]
[Result "1/2-1/2"]
[Round "3"]
[TimeControl "180+2"]
[Date "2023.07.25"]
[WhiteClock "0:00:29"]
[BlackClock "0:00:29"]
[Board "239"]

1. e4 c5 2. d4 cxd4 3. c3 dxc3 4. Nxc3 e6 5. Nf3 Nc6 6. Bc4 Bb4 7. O-O Nge7 8. Nd5 O-O 9. Nxb4 Nxb4 10. Qd6 Nbc6 11. Bg5 f6 12. Be3 Qe8 13. b4 f5 14. e5 f4 15. Bc5 b6 16. b5 bxc5 17. bxc6 Nxc6 18. Qxc5 Ne7 19. Rab1 Nf5 20. Rfd1 Qg6 21. Qc7 a5 22. a4 h5 23. h4 Qg4 24. Rxd7 Bxd7 25. Qxd7 Rad8 26. Qxe6+ Kh8 27. Ng5 Rd1+ 28. Rxd1 Qxd1+ 29. Kh2 Qg4 30. Qg6 Qxg2+ 31. Kxg2 Nxh4+ 32. Kh3 Nxg6 33. e6 Re8 34. Nf7+ Kh7 35. Ng5+ Kh6 36. Nf7+ Kh7 37. Ng5+ Kg8 38. e7+ Kh8 39. Nf7+ Kh7 40. Ng5+ Kh6 41. Nf7+ Kh7 42. Ng5+ Kh8 43. Nf7+ Kh7 1/2-1/2


[Site "https://www.chess.com"]